 Dungeon Crawl Stone Soup version 0.31.0-11-ge490571c62 (webtiles) character file.

Game seed: 7753619866794746547

1260 MuppetCentipede the Cleaver (level 8, -27/70 HPs)
             Began as a Minotaur Monk on Jan 31, 2024.
             Was a Follower of Okawaru.
             Annihilated by a two-headed ogre
             ... wielding a +0 giant club
              (28 damage)
             ... on level 6 of the Dungeon.
             The game lasted 00:04:13 (4491 turns).

MuppetCentipede the Cleaver (Minotaur Monk)         Turns: 4491, Time: 00:04:13

Health: -27/70     AC:  4    Str: 19    XL:     8   Next: 27%
Magic:  7/7        EV: 13    Int:  7    God:    Okawaru [*.....]
Gold:   303        SH:  5    Dex: 12    Spells: 7/7 levels left

rFire   . . .        a - +0 hand axe
rCold   . . .        d - orb {light}
rNeg    . . .        b - +0 robe
rPois   .            (helmet restricted)
rElec   .            (no cloak)
rCorr   .            (no gloves)
SInv    .            j - +1 pair of boots
Will    .....        h - amulet of reflection
Stlth   +            (no ring)
HPRegen 0.31/turn    (no ring)
MPRegen 0.10/turn

%: reflection
@: glowing
A: horns 2, retaliatory headbutt
a: Renounce Religion, Heroism


You were on level 6 of the Dungeon.
You worshipped Okawaru.
Okawaru was aware of your devotion.
You visited 2 branches of the dungeon, and saw 7 of its levels.

You collected 303 gold pieces.

Inventory:

Hand Weapons
 a - a +0 hand axe (weapon)
 c - the +9 whip of the Thoughtful Seers {freeze, ^Drain rF+++ Int-5 Dex+5}
   (You found it on level 4 of the Dungeon)

   Int-5:     It affects your intelligence (-5).
   Dex+5:     It affects your dexterity (+5).
   rF+++:     It renders you almost immune to fire.
   ^Drain:    It drains your maximum health when unequipped.
 i - a +0 whip
 k - a +0 war axe
Armour
 b - a +0 robe (worn)
 d - an orb of light (worn)
 j - a +1 pair of boots (worn)
Jewellery
 h - an amulet of reflection (around neck)
 l - a +6 ring of intelligence
Wands
 m - a wand of paralysis (8)
Scrolls
 e - 3 scrolls of identify
 f - 2 scrolls of enchant armour
 g - a scroll of vulnerability
 p - a scroll of amnesia {unknown}
 s - a scroll of poison {unknown}
Potions
 n - 2 potions of might
 o - a potion of haste {unknown}
 q - a potion of mutation {unknown}
 r - a potion of brilliance {unknown}


   Skills:
 + Level 6.0 Fighting
 * Level 10.6 Axes
 + Level 4.9 Dodging
 + Level 1.2 Stealth


You had 7 spell levels left.
You didn't know any spells.
Your spell library contained the following spells:

 Spells                   Type           Power      Damage    Failure   Level
 Magic Dart               Conj           0%         1d3       43%         1
 Blink                    Tloc           0%         N/A       56%         2
 Ozocubu's Armour         Ice            0%         N/A       80%         3
 Sigil of Binding         Hex            0%         N/A       80%         3
 Dimensional Bullseye     Hex/Tloc       0%         N/A       99%         4
 Metabolic Englaciation   Hex/Ice        0%         N/A       100%        5
 Call Imp                 Summ           Unusable   N/A       N/A         2
 Call Canine Familiar     Summ           Unusable   N/A       N/A         3
 Sculpt Simulacrum        Ice/Alch       Unusable   N/A       N/A         6

Dungeon Overview and Level Annotations

Branches:
Dungeon (6/15)             Temple (1/1) D:5

Altars:
Ashenzari
Dithmenos
Elyvilon
Fedhas
Gozag
Hepliaklqana
Makhleb
Nemelex Xobeh
Okawaru
Qazlal
Ru
Sif Muna
Uskayaw
Vehumet
Wu Jian
Yredelemnul
Zin

Shops:
D:2 :   D:6 =


Innate Abilities, Weirdness & Mutations

You have a pair of horns on your head.
You reflexively headbutt those who attack you in melee.


Message History

You slash the two-headed ogre!
You headbutt the two-headed ogre, but do no damage.
The two-headed ogre is lightly wounded.
You hit the two-headed ogre.
The two-headed ogre is moderately wounded.
The two-headed ogre hits you with a +0 giant club!!
The two-headed ogre completely misses you.
You are too injured to fight recklessly!
You are too injured to fight recklessly!
You are too injured to fight recklessly!
You are too injured to fight recklessly!
You are too injured to fight recklessly!
You are too injured to fight recklessly!
You are too injured to fight recklessly!
You are too injured to fight recklessly!
You are too injured to fight recklessly!
You are too injured to fight recklessly!
You are too injured to fight recklessly!
You are too injured to fight recklessly!
You are too injured to fight recklessly!
You are too injured to fight recklessly!
You are too injured to fight recklessly!
You are too injured to fight recklessly!
You are too injured to fight recklessly!
You are too injured to fight recklessly!
You hit the two-headed ogre but do no damage.
The two-headed ogre is moderately wounded.
You slash the two-headed ogre!
The two-headed ogre is heavily wounded.
The two-headed ogre barely misses you. You furiously retaliate!
You headbutt the two-headed ogre!
The two-headed ogre hits you with a +0 giant club.
You hit the two-headed ogre.
The two-headed ogre is severely wounded.
You completely miss the two-headed ogre.
The two-headed ogre is severely wounded.
The two-headed ogre hits you with a +0 giant club!!
* * * LOW HITPOINT WARNING * * *
The two-headed ogre hits you with a +0 giant club!!
You die...

# ....
#.##.##..#.#
#........#.#
#.<#.#
#.##.#
#.##.#
#.##.#
#.##O#
#.##@#
#∩##.#
#.##.#
#.##.#
#.##.##
#.....#
#.##### ###


You could see a two-headed ogre.

Vanquished Creatures
  Grinder (D:3)
  An ogre (D:4)
  Pargi (D:4)
  5 scorpions
  3 hounds
  3 jellies
  5 orc priests
  3 iguanas
  Robin (D:3)
  A gnoll (D:1)
  7 adders
  A dart slug (D:3)
  A ribbon worm (D:4)
  10 orcs
  5 endoplasms
  3 giant cockroaches
  18 goblins
  16 hobgoblins
  4 jackals (D:4)
  2 quokkas
  7 ball pythons
  7 bats
  4 frilled lizards
  7 kobolds
  2 rats
118 creatures vanquished.

Notes
Turn   | Place    | Note
-------+----------+-------------------------------------------
     0 | D:1      | MuppetCentipede the Minotaur Monk began the quest for the
                  | Orb.
     0 | D:1      | Reached XP level 1. HP: 19/19 MP: 0/0
    83 | D:1      | Reached skill level 4 in Axes
    83 | D:1      | Reached XP level 2. HP: 27/27 MP: 1/1
   331 | D:1      | You fall into a shaft and drop 1 floor!
   404 | D:2      | Reached XP level 3. HP: 32/33 MP: 2/2
   655 | D:2      | Reached skill level 5 in Axes
   780 | D:2      | Found Koynt's Book Shop.
   891 | D:2      | Reached XP level 4. HP: 37/40 MP: 3/3
  1293 | D:3      | Noticed Robin
  1300 | D:3      | Killed Robin
  1301 | D:3      | Reached skill level 6 in Axes
  1569 | D:3      | Noticed Grinder
  1570 | D:3      | Paralysed by Grinder for 2 turns
  1576 | D:3      | Paralysed by Grinder for 3 turns
  1595 | D:3      | Killed Grinder
  1596 | D:3      | Reached skill level 7 in Axes
  1596 | D:3      | Reached XP level 5. HP: 31/47 MP: 4/4
  1596 | D:3      | Reached XP level 6. HP: 35/53 MP: 5/5
  1895 | D:4      | HP: 1/55 [orc priest/divine providence (12)]
  1910 | D:4      | Reached skill level 8 in Axes
  2105 | D:4      | Identified the +9 whip of the Thoughtful Seers {freeze,
                  | ^Drain rF+++ Int-5 Dex+5}
  2119 | D:4      | Noticed Pargi
  2127 | D:4      | Killed Pargi
  2128 | D:4      | Reached skill level 5 in Fighting
  2128 | D:4      | Reached XP level 7. HP: 53/61 MP: 6/6
  2833 | D:4      | Reached skill level 9 in Axes
  3231 | D:5      | Entered Level 5 of the Dungeon
  3444 | D:5      | Reached skill level 1 in Stealth
  3452 | D:5      | Reached skill level 10 in Axes
  3452 | D:5      | Reached XP level 8. HP: 54/70 MP: 7/7
  4040 | D:5      | Found a staircase to the Ecumenical Temple.
  4084 | Temple   | Entered the Ecumenical Temple
  4157 | Temple   | Became a worshipper of Warmaster Okawaru
  4157 | Temple   | Reached * piety under Okawaru
  4157 | Temple   | Reached ** piety under Okawaru
  4465 | D:6      | Found Katiuz's Jewellery Shoppe.
  4482 | D:6      | Noticed a two-headed ogre
  4491 | D:6      | HP: 1/70 [two-headed ogre/+0 giant club (22)]
  4491 | D:6      | Annihilated by a two-headed ogre

Illustrated notes

Levels and vault maps discovered:
D:1:      wander_arrival_desolate, layout_basic, minmay_misc_feat_plants
D:2:      layout_basic, serial_shops, shop, bh_walls_and_bars
D:3:      layout_rooms, uniq_robin, uniq_grinder
D:4:      layout_basic, hangedman_abyss_or_decor_stabs, minmay_statues_item,
          minmay_ogre_servants, uniq_pargi
D:5:      layout_gridville, minmay_temple_entry_trees
D:6:      layout_basic, mainiacjoe_overflow_tiny_flanked,
          gammafunk_temple_overflow_elements, serial_shops, shop,
          ebering_ghost_disaster_area, uniq_sigmund
Temple:   minmay_temple_bridge_d

Skill      XL: |  1  2  3  4  5  6  7  8 |
---------------+-------------------------+-----
Axes           | 4 5 7 8 10 | 10.6
Fighting       | 4 5 6 |  6.0
Dodging        | 4 |  4.9
Stealth        | 1 |  1.2

Action                     |  1- 3 |  4- 6 |  7- 9 || total
---------------------------+-------+-------+-------++-------
  Melee: Hand axe          |    67 |   101 |   104 ||   272
         Headbutt          |    14 |    15 |    24 ||    53
    Use: Potion            |       |     4 |       ||     4
         Scroll            |       |     2 |     5 ||     7
 Armour: Robe              |    29 |    51 |    46 ||   126
         Skin              |       |     7 |       ||     7
  Dodge: Dodged            |    43 |    54 |    49 ||   146
